 Dungeon Crawl Stone Soup version 0.30-a0-358-g0d69a1922f (webtiles) character file.

Game seed: 7670266499268356930

60 kae the Changer (level 3, -7/28 HPs)
             Began as a Draconian Transmuter on Nov 10, 2022.
             Killed by an exploding butterfly (18 damage)
             ... ignited by their inner flame
             ... on level 2 of the Dungeon.
             The game lasted 00:01:20 (1714 turns).

kae the Changer (Draconian Transmuter)              Turns: 1714, Time: 00:01:21

Health: -7/28      AC: 10    Str: 12    XL:     3   Next: 80%
Magic:  6/6        EV: 12    Int: 15    God:
Gold:   121        SH:  0    Dex: 11    Spells: 1/7 levels left

rFire   . . .      SeeInvis .      - Unarmed
rCold   . . .      Faith    .    (no shield)
rNeg    . . .      Spirit   .    (body armour unavailable)
rPois   .          Reflect  .    (helmet restricted)
rElec   .          Harm     .    d - +0 cloak
rCorr   .          Rampage  .    (no gloves)
Will    .....                    (no boots)
Stlth   +.........               (no amulet)
HPRegen 0.24/turn                O - +4 ring of protection
MPRegen 0.10/turn                (no ring)

@: no status effects
A: AC +5, unfitting armour, cold-blooded
a: no special abilities


You were on level 2 of the Dungeon.
You visited 1 branch of the dungeon, and saw 2 of its levels.

You collected 121 gold pieces.


Innate Abilities, Weirdness & Mutations

Your plain brown scales are hard. (AC +5)
You cannot fit into any form of body armour.
You are cold-blooded and may be slowed by cold attacks.


   Skills:
 - Level 1.1 Fighting
 - Level 1.7 Dodging
 - Level 3.0 Unarmed Combat
 + Level 2.6 Spellcasting
 * Level 3.5 Transmutations
 + Level 0.7 Poison Magic


You had one spell level left.
You knew the following spells:

 Your Spells              Type           Power      Damage    Failure   Level
a - Beastly Appendage     Tmut           24%        N/A       4%          1
b - Wereblood             Tmut           12%        N/A       8%          2
c - Spider Form           Tmut/Pois      8%         N/A       26%         3

Your spell library contained the following spells:

 Spells                   Type           Power      Damage    Failure   Level
 Ice Form                 Ice/Tmut       7%         N/A       69%         4

Inventory:

Missiles
 b - 18 stones
Armour
 d - a +0 cloak (worn)
   (You found it on level 1 of the Dungeon)
Magical Staves
 c - a staff of air {!a}
   (You found it on level 1 of the Dungeon)
Jewellery
 O - a +4 ring of protection (left hand)
   (You found it on level 1 of the Dungeon)
Scrolls
 e - 2 scrolls of identify {@r1}
 k - a scroll of immolation {!r!r}
Potions
 a - a potion of lignification {!q}
 f - 2 potions of might {unknown}
 g - a potion of brilliance {unknown}
 h - 4 potions of curing {unknown}

Dungeon Overview and Level Annotations

Branches:
Dungeon (2/15) Zot: 10284

Altars:

.......####.# #......###
.#####.##...# ##..§§§§§.# .#
#.##.#.# ##.#.§§§§#.# .#
####†#.###.#.#§§§##.# .#
###...####.###§#§###.#
.####...⌠..#bb##§§§§§###.###
###........##bb§§§§§<......#
)...........###§§§######.#.#
##.⌠........##.#@## #.#<#
.#.....#.....#.#b# #.#.#
.##........⌠.###b# #.#.#
..#...........##b# #.#.#
..##........#.##§# #.#.#
...#..⌠...###.##§# #...#
.⌠.##...###...##§# ###.#
....#.###...⌠..#§# #.#
..#####........###########.#


There were no monsters in sight!


Message History

You see here a +0 club.
A kobold comes into view. It is wielding a +0 short sword.
The kobold shouts! 😎 MP[+1]
Your mp is fully restored (6).
A kobold is nearby!
Unknown command.
A kobold is nearby!
A kobold is nearby!
Casting: Beastly Appendage (safe; 4% risk of failure)
Confirm with . or Enter, or press ? or * to list all spells.
You grow a pair of large bovine horns.
Your feet morph into talons.
Your transformation is almost over.
The kobold closely misses you. 😎 MP[-1]
You lost 1 mp, and now have 5/6 mp.
A kobold is nearby!
You hit the kobold but do no damage. You claw the kobold, but do no damage.
Your tail-slap misses the kobold.
The kobold hits you but does no damage.
You hit the kobold.
Your tail-slap misses the kobold.
The kobold closely misses you.
A kobold is nearby!
You hit the kobold.
You kill the kobold!
No target in view!
You see here a +0 short sword.
Your horns disappear.
Your talons disappear.
Key pressed, stopping explore.
No target in view!
No target in view! 😎 MP[+1]
Your mp is fully restored (6).
You see here a +0 robe.
You open the door.
There is an open door here.
You see here a +0 robe.
You see here a +0 club.
You open the door.
There is an open door here.
k - 2 scrolls labelled SUUSTO QEASSU (gained 1)
You see here a +0 robe.
There is an open door here.
Key pressed, stopping explore.
No target in view!
No target in view!
You see here a +0 club.
There is a stone staircase leading up here.
Done exploring.
Unknown command.
Done exploring.
Done exploring.
Done exploring.
Done exploring.
Okay, then.
Okay, then.
The air fills with toxic fumes!
As you read the scroll labelled FIATICLUPH, it crumbles to dust.
It was a scroll of poison.
Unknown command.
As you read the scroll labelled OTIN TEFEGRUC, it crumbles to dust.
You hear the tinkle of a tiny bell.
It was a scroll of butterflies.
Unknown command.
As you read the scroll labelled SUUSTO QEASSU, it crumbles to dust.
The creatures around you are filled with an inner flame!
It was a scroll of immolation.
Your butterfly is engulfed in poison gas.
Your butterfly is poisoned.
Your butterfly disappears in a burst of colours!
The fiery explosion engulfs your butterfly!!
Your butterfly disappears in a burst of colours!
The fiery explosion engulfs your butterfly!!
Your butterfly disappears in a burst of colours!
The fiery explosion engulfs your butterfly!!
Your butterfly disappears in a burst of colours!
The fiery explosion engulfs your butterfly!!
Your butterfly disappears in a burst of colours!
The fiery explosion engulfs your butterfly!!
Your butterfly disappears in a burst of colours!
The fiery explosion engulfs your butterfly!!
Your butterfly disappears in a burst of colours!
The fiery explosion engulfs your butterfly!!
Your butterfly disappears in a burst of colours!
The fiery explosion engulfs you!
Ouch! That really hurt!
* * * LOW HITPOINT WARNING * * *
The fiery explosion engulfs your butterfly!!
Your butterfly disappears in a burst of colours!
The fiery explosion engulfs your butterfly!!!
Your butterfly disappears in a burst of colours!
The fiery explosion engulfs your butterfly!!
Your butterfly disappears in a burst of colours!
The fiery explosion engulfs your butterfly!!
Your butterfly disappears in a burst of colours!
The fiery explosion engulfs your butterfly!!
Your butterfly disappears in a burst of colours!
The fiery explosion engulfs your butterfly!!
Your butterfly disappears in a burst of colours!
The fiery explosion engulfs you!!
Ouch! That really hurt!
You die...

Skill      XL: |  1  2 |
---------------+-------+-----
Transmutations | 3 |  3.5
Fighting       | |  1.1
Dodging        | |  1.7
Unarmed Combat | |  3.0
Spellcasting   | |  2.6
Poison Magic   | |  0.7

Action                   || total
-------------------------++-------
Melee: Unarmed           ||   124
       Headbutt          ||    12
       Kick              ||    18
       Tailslap          ||    10
       Punch             ||     5
 Cast: Beastly Appendage ||    16
  Use: Scroll            ||     5
Armor: Skin              ||    46
Dodge: Dodged            ||    86

Levels and vault maps discovered:
D:1:      co_arrival_square_in_a_square_in_a_square, layout_basic,
          hangedman_feature_mirror, serial_bayou_lagoon_a
D:2:      minmay_skewed_foursquare, layout_loops_ring,
          chequers_ecumenical_altar_simple_redux, chequers_serial_rivers_room_a

Notes
Turn   | Place    | Note
-------+----------+-------------------------------------------
     0 | D:1      | kae the Draconian Transmuter began the quest for the Orb.
     0 | D:1      | Reached XP level 1. HP: 16/16 MP: 3/3
     0 | D:1      | magus.rc [v1.11.3]
   108 | D:1      | Reached XP level 2. HP: 23/23 MP: 3/5
   442 | D:1      | Reached skill level 3 in Transmutations
   886 | D:2      | Found a faded altar of an unknown god.
   894 | D:2      | Reached XP level 3. HP: 27/28 MP: 6/6
   897 | D:2      | Learned a level 2 spell: Wereblood
   901 | D:2      | Learned a level 3 spell: Spider Form
  1714 | D:2      | Killed by an exploding butterfly... ignited by their inner
                  | flame

Vanquished Creatures
  An adder (D:2)
  A worm (D:2)
  4 bats (D:1)
  3 endoplasms
  2 giant cockroaches (D:1)
  4 goblins
  9 hobgoblins
  2 quokkas (D:2)
  A ball python (D:2)
  2 frilled lizards (D:2)
  11 kobolds
  3 rats (D:1)
43 creatures vanquished.

Table legend:
 A = Non-vault XP
 B = Vault XP
 C = Vault XP percentage of total XP
 D = Non-vault monster count
 E = Vault monster count
 F = Vault count percentage of total count
                 A         B        C        D         E       F
            +---------+---------+-------+---------+---------+-------
      Total |      77 |       9 |  10.5 |      37 |       6 |  14.0
            +---------+---------+-------+---------+---------+-------
        D:1 |      32 |       4 |  11.1 |      19 |       2 |   9.5
        D:2 |      45 |       5 |  10.0 |      18 |       4 |  18.2
            +---------+---------+-------+---------+---------+-------

Illustrated notes

Table legend:
 A = Kills in this place as a percentage of kills in entire the game.
 B = Kills by you in this place as a percentage of kills by you in the entire game.
 C = Kills by friends in this place as a percentage of kills by friends in the entire game.
 D = Other kills in this place as a percentage of other kills in the entire game.
 E = Experience gained in this place as a percentage of experience gained in the entire game.
 F = Experience gained in this place divided by the number of levels of this place that you have seen.
                   A       B       C       D       E      F
               +-------+-------+-------+-------+-------+----------------------
         Total | 100.0 | 100.0 |   N/A |   N/A | 100.0 |  43.0
       Dungeon | 100.0 | 100.0 |   N/A |   N/A | 100.0 |  43.0
               +-------+-------+-------+-------+-------+----------------------

Table legend: (Time is in decaauts)
 A = Elapsed time spent in this place.
 B = Non-inter-level travel time spent in this place.
 C = Inter-level travel time spent in this place.
 D = Time resting spent in this place.
 E = Time spent auto-exploring this place.
 F = Levels seen in this place.
 G = Mean time per level.
                   A        B        C        D        E       F      G
               +--------+--------+--------+--------+--------+-----+--------+
         Total |   1714 |   1698 |     16 |      6 |   1370 |   2 |  857.0 |
       Dungeon |   1714 |   1698 |     16 |      6 |   1370 |   2 |  857.0 |
               +--------+--------+--------+--------+--------+-----+--------+

Top non-repeatable levels by time:
     D:2: 884 daAuts
     D:1: 830 daAuts
